 Dungeon Crawl Stone Soup version 0.20.1-1-g8b1a95d (webtiles) character file.

206 ANON1729 the Firebug (level 5, -6/31 HPs)
             Began as an Octopode Fire Elementalist on Oct 20, 2017.
             Killed from afar by Sigmund (11 damage)
             ... with a magic dart
             ... on level 4 of the Dungeon.
             The game lasted 00:07:10 (2864 turns).

ANON1729 the Firebug (Octopode Fire Elementalist)   Turns: 2864, Time: 00:07:10

Health: -6/31      AC:  0    Str:  8    XL:     5   Next: 84%
Magic:  8/9        EV: 21    Int: 18    God:
Gold:   117        SH:  0    Dex: 17    Spells: 9/10 levels left

rFire    . . .     SeeInvis .   (weapon currently unavailable)
rCold    . . .     Gourm    .   (shield currently unavailable)
rNeg     . . .     Faith    .   (helmet currently unavailable)
rPois    .         Spirit   .   (no amulet)
rElec    .         Reflect  .   (ring currently unavailable)
rCorr    .         Harm     .   (ring currently unavailable)
MR       .....                  (ring currently unavailable)
Stlth    ++........             (ring currently unavailable)
Regen    0.1/turn               (ring currently unavailable)
MPRegen  0.2/turn               (ring currently unavailable)
                                (ring currently unavailable)
                                (ring currently unavailable)

@: bat-form, flying, very quick
A: almost no armour, stealthy swim, (amphibious), (8 rings), (constrict 8)
a: no special abilities


You were on level 4 of the Dungeon.
You were not hungry.
You were in bat-form.
You visited 1 branch of the dungeon, and saw 4 of its levels.

You collected 117 gold pieces.

Inventory:

Hand Weapons
 m - a +0 dagger (melded)
Jewellery
 l - a cursed ring of teleportation (melded)
Wands
 r - a wand of polymorph (0/24)
Scrolls
 c - a scroll of blinking {unknown}
 d - a scroll of enchant armour {unknown}
 e - a scroll of magic mapping {unknown}
 f - 2 scrolls of identify {unknown}
 h - 2 scrolls of remove curse {unknown}
 k - a scroll of teleportation {unknown}
 n - a scroll of noise {unknown}
 p - a scroll of enchant weapon {unknown}
Potions
 g - a potion of flight {unknown}
 j - a potion of brilliance {unknown}
 q - a potion of curing
 s - a potion of heal wounds {unknown}
Books
 a - a book of Flames

   Spells                             Type                      Level
   a - Flame Tongue                   Conjuration/Fire             1
   b - Throw Flame                    Conjuration/Fire             2
   c - Conjure Flame                  Conjuration/Fire             3
   d - Inner Flame                    Hexes/Fire                   3
   e - Sticky Flame                   Conjuration/Fire             4
   f - Fireball                       Conjuration/Fire             5
Comestibles
 b - a bread ration
 i - a meat ration
 o - 2 royal jellies


   Skills:
 + Level 3.5 Dodging
 - Level 3.0 Stealth
 + Level 3.2 Spellcasting
 + Level 2.4 Conjurations
 + Level 3.8 Fire Magic


You had 9 spell levels left.
You knew the following spells:

 Your Spells              Type           Power        Failure   Level  Hunger
a - Flame Tongue          Conj/Fire      ##...        4%          1    None


Dungeon Overview and Level Annotations

Branches:
Dungeon (4/15)
 Temple: D:4-7

Altars:
Dithmenos
Gozag
Kikubaaqudgha
Ru

Annotations:
D:4 Sigmund


Innate Abilities, Weirdness & Mutations

You cannot wear most types of armour.
You are very stealthy in the water. (Stealth+)
((You are amphibious.))
((You can wear up to eight rings at the same time.))
((You can use your tentacles to constrict eight enemies at once.))
((Your skin changes colour to match your surroundings (Stealth+).))
((Your rubbery body absorbs attacks. (AC +1, EV +1)))


Message History

A puff of flame appears from out of thin air!
The puff of flame hits you!
* * * LOW HITPOINT WARNING * * *
Casting: Flame Tongue
Confirm with . or Enter, or press ? or * to list all spells.
Aiming: Flame Tongue
Press: ? - help, Shift-Dir - straight line, f - orc wizard
Aim: an orc wizard, wielding a dagger of venom and wearing a robe (black smoke)
The flame tongue hits the orc wizard.
The orc wizard is lightly wounded.
Evoke which item? (* to show all) (? for menu, Esc to quit)
Aiming: Polymorph (will waste charges)
Press: ? - help, Shift-Dir - straight line, f - you, p - orc wizard That beam is likely to hit you.
Continue anyway?
You turn into a bat.
Your +0 dagger melds into your body.
Your cursed ring of teleportation melds into your body.
Evoking this partially-identified wand wasted a few charges.
A magic dart appears from out of thin air!
The magic dart hits you!
You die...

.....# #.# ..# .....#
#.# #.# .....# #.#
#.#+## .....# #.#
#..... .....# #.#
#<.... .....#
########.# #.....
.....# #........#
+..... .....#
#........##### #.....
.....####.......b....#
......
.......##............#
#.....
.....#).#...§§o§.....#
..####
...####.#..{§§§§.....#
#.# ...#
#..##.§§§§§....# ...#
##.##..._§§....# ...+
...+..........+ ...#
##..#..........# ...#
##.#..........#


You could see an orc wizard.

Vanquished Creatures
  Jessica (D:3)
  Terence (D:3)
  An orc wizard (D:3)
  Ijyb (D:3)
  3 adders
  A worm (D:3)
  5 dart slugs
  A leopard gecko (D:3)
  6 orcs
  5 giant cockroaches
  5 goblins
  5 hobgoblins
  5 kobolds
  A quokka (D:2)
  A ball python (D:2)
  9 bats
  4 frilled lizards
  10 rats
65 creatures vanquished.

Notes
Turn   | Place    | Note
-------+----------+-------------------------------------------
     0 | D:1      | ANON1729 the Octopode Fire Elementalist began the quest for the Orb.
     0 | D:1      | Reached XP level 1. HP: 11/11 MP: 3/3
   481 | D:1      | Reached XP level 2. HP: 16/17 MP: 5/5
  1222 | D:1      | Reached XP level 3. HP: 1/21 MP: 4/6
  1720 | D:2      | Found an ancient bone altar of Kikubaaqudgha.
  1908 | D:2      | Reached XP level 4. HP: 26/27 MP: 7/7
  2023 | D:3      | Noticed Ijyb
  2038 | D:3      | Killed Ijyb
  2120 | D:3      | Found a sacrificial altar of Ru.
  2132 | D:3      | Reached XP level 5. HP: 28/31 MP: 3/9
  2144 | D:3      | Noticed Terence
  2207 | D:3      | Killed Terence
  2510 | D:3      | Noticed Jessica
  2519 | D:3      | Killed Jessica
  2810 | D:4      | Noticed Sigmund
  2813 | D:4      | Found a shadowy altar of Dithmenos.
  2836 | D:4      | Found an opulent altar of Gozag.
  2864 | D:4      | Killed from afar by Sigmund

Skill      XL: |  1  2  3  4 |
---------------+-------------+-----
Stealth        | 3 |  3.0
Conjurations   | 2 |  2.4
Dodging        | 3 |  3.5
Spellcasting   | 3 |  3.2
Fire Magic     | |  3.8

Action                   |  1- 3 |  4- 6 || total
-------------------------+-------+-------++-------
Melee: Unarmed           |    71 |       ||    71
       Constrict         |    29 |    12 ||    41
       Tentacles         |    16 |     6 ||    22
       Dagger            |    18 |    49 ||    67
 Cast: Flame Tongue      |    17 |    26 ||    43
Evoke: Wand              |       |     2 ||     2
  Use: Potion            |       |     2 ||     2
 Stab: Sleeping          |     8 |     7 ||    15
       Distracted        |     1 |     1 ||     2
  Eat: Chunk             |     3 |     3 ||     6
Armor: Skin              |    15 |     3 ||    18
Dodge: Dodged            |    85 |    50 ||   135
